 Dungeon Crawl Stone Soup version 0.23.2-1-ga50397a (webtiles) character file.

Game seed: 738353831442069180

72 xveg the Sneak (level 4, -4/23 HPs)
             Began as a Spriggan Assassin on May 7, 2019.
             Slain by a worm (5 damage)
             ... on level 2 of the Dungeon.
             The game lasted 00:03:38 (1419 turns).

xveg the Sneak (Spriggan Assassin)                  Turns: 1419, Time: 00:03:38

Health: -4/23      AC:  3    Str:  7    XL:     4   Next: 6%
Magic:  5/5        EV: 18    Int: 12    God:
Gold:   67         SH:  0    Dex: 18    Spells: 3/3 levels left

rFire    . . .     SeeInvis +   a - +2 dagger
rCold    . . .     Gourm    .   (shield restricted)
rNeg     . . .     Faith    .   c - +0 robe
rPois    .         Spirit   .   (helmet restricted)
rElec    .         Reflect  .   d - +0 cloak
rCorr    .         Harm     .   (gloves unavailable)
MR       .....                  (boots unavailable)
Stlth    ++++......             (no amulet)
HPRegen  0.07/turn              (no ring)
MPRegen  0.09/turn              (no ring)

@: very quick
A: very small, unfitting armour, see invisible, herbivore, speed 3, slow
metabolism 2
a: no special abilities


You were on level 2 of the Dungeon.
You were not hungry.

You visited 1 branch of the dungeon, and saw 2 of its levels.

You collected 67 gold pieces.

Inventory:

Hand Weapons
 a - a +2 dagger (weapon)
 b - a +0 blowgun
Missiles
 f - a curare-tipped needle
Armour
 c - a +0 robe (worn)
 d - a +0 cloak (worn)
 l - a +0 helmet
Scrolls
 h - a scroll of fear {unknown}
 i - a scroll of blinking {unknown}
 m - a scroll of identify {unknown}
 p - a scroll of enchant armour {unknown}
Potions
 j - a potion of curing {unknown}
 k - a potion of berserk rage {unknown}
 n - 2 potions of flight {unknown}
 o - a potion of brilliance {unknown}
Comestibles
 g - 3 rations


   Skills:
 + Level 2.0 Fighting
 + Level 2.5 Short Blades
 + Level 2.8 Throwing
 + Level 2.3 Dodging
 + Level 6.9 Stealth


You had 3 spell levels left.
You didn't know any spells.
Your spell library was empty.

Dungeon Overview and Level Annotations

Branches:
Dungeon (2/15)

Altars:


Innate Abilities, Weirdness & Mutations

You are very small and have problems with some larger weapons.
You are too small for most types of armour.
You have supernaturally acute eyesight. (SInv)
You are a herbivore.
You cover ground extremely quickly.
You need to consume almost no food.


Message History

The gnoll is poisoned.
The gnoll convulses.
You kill the gnoll!
You have reached level 4!
a - a +2 dagger (weapon)
You hit the worm but do no damage. You hit the worm.
The worm is lightly wounded.
The worm completely misses you.
You hit the worm.
The worm is lightly wounded.
You hit the worm.
The worm is lightly wounded.
The worm bites you!
* * * LOW HITPOINT WARNING * * *
You hit the worm.
The worm is moderately wounded.
You hit the worm.
The worm is moderately wounded.
The worm bites you.
You die...

#.....###### #..#
#)###.......# ##..###
#..####.### .....
#.###..##.....# #...#
#.....##.###.#######g..#
##.#.†...###...........#
#.#..##.....####.###†.#
# #..(...#..# #.# #(.#
#.####.@..# #.# #..# #.
##w#.####.###(.#.## #.
#(#.).g(.g..).....
?..w.......!......(.#...
# ##########.#.#.##.....
#.#..........
#.###.####### #.. ..#
### ###


You could see a worm.

Vanquished Creatures
  2 gnolls (D:2)
  2 dart slugs (D:1)
  2 leopard geckos
  4 giant cockroaches
  3 goblins
  9 hobgoblins
  4 jackals (D:2)
  3 kobolds
  A quokka (D:2)
  6 bats
  2 frilled lizards (D:1)
  2 rats
40 creatures vanquished.

Notes
Turn   | Place    | Note
-------+----------+-------------------------------------------
     0 | D:1      | xveg the Spriggan Assassin began the quest for the Orb.
     0 | D:1      | Reached XP level 1. HP: 10/10 MP: 2/2
    51 | D:1      | Reached skill level 6 in Stealth
    63 | D:1      | Reached XP level 2. HP: 14/14 MP: 3/3
   665 | D:1      | Reached XP level 3. HP: 18/18 MP: 4/4
  1400 | D:2      | Reached XP level 4. HP: 7/23 MP: 5/5
  1417 | D:2      | HP: 1/23 [worm (7)]
  1419 | D:2      | Slain by a worm

Skill      XL: |  1  2  3 |
---------------+----------+-----
Stealth        | 6 |  6.9
Dodging        | 2 |  2.3
Fighting       | 2 |  2.0
Short Blades   | |  2.5
Throwing       | |  2.8

Action                   |  1- 3 |  4- 6 || total
-------------------------+-------+-------++-------
Melee: Dagger            |    83 |     6 ||    89
 Fire: Blowgun           |    46 |       ||    46
 Stab: Sleeping          |    12 |       ||    12
Armor: Robe              |    13 |       ||    13
Dodge: Dodged            |    90 |     1 ||    91
